 Dungeon Crawl Stone Soup version 0.32-a0-872-g59262bdc9b (webtiles) character file.

Game seed: 3981390001477034596

92330 oldriver the Slayer (level 16, -7/209 HPs)
             Began as an Oni Shapeshifter on Mar 28, 2024.
             Was the Champion of Yredelemnul.
             Mangled by a black mamba (11 damage)
             ... on level 1 of the Snake Pit on Mar 30, 2024.
             The game lasted 01:06:36 (24226 turns).

oldriver the Slayer (Oni Shapeshifter)             Turns: 24226, Time: 01:06:37

Health: -7/209     AC:  9    Str: 26    XL:     16   Next: 5%
Magic:  24/24      EV:  7    Int: 11    God:    Yredelemnul [******]
Gold:   1326       SH:  0    Dex: 10    Spells: 15/15 levels left

rFire   . . .        y - +10 sling "Owushr Woto" {drain, rElec rC+}
rCold   + . .        (no shield)
rNeg    . . .        L - +3 steam dragon scales
rPois   +            (helmet currently unavailable)
rElec   +            (cloak currently unavailable)
rCorr   .            (gloves unavailable)
SInv    .            (boots unavailable)
Will    +....        T - amulet of regeneration
Stlth   +++          X - +5 ring of evasion
HPRegen 1.34/turn    G - ring of poison resistance
MPRegen 0.19/turn

%: no passive effects
@: lethally poisoned (-7 -> -14), beast-form, wreathed by umbra, constricted,
studying Shields
A: beast (slay +4), large, unfitting armour, horns 1, tough skin 1, double
potion healing, drunken brawling
a: Begin Untransformation, Renounce Religion, Light the Black Torch, Recall
Undead Harvest, Hurl Torchlight, Bind Soul, Fathomless Shackles


You were on level 1 of the Snake Pit.
You worshipped Yredelemnul.
Yredelemnul was aware of your devotion.
You were a hulking beast.
You visited 5 branches of the dungeon, and saw 24 of its levels.
You also visited: Bailey.

You collected 1959 gold pieces.
You spent 633 gold pieces at shops.

Inventory:

Hand Weapons
 d - a +1 heavy mace
 p - the +7 great sword "Jatilet" {antimagic, rElec Dex+2}
   (You found it on level 5 of the Lair of Beasts)

   Dex+2:     It affects your dexterity (+2).
   rElec:     It insulates you from electricity.
 y - the +10 sling "Owushr Woto" (weapon) {drain, rElec rC+}
   (You found it on level 4 of the Dungeon)

   rC+:       It protects you from cold.
   rElec:     It insulates you from electricity.
 z - the +8 rapier of the Crawling Thing {pain, rF++ rC- Str+9 Stlth-}
   (You bought it in a shop on level 6 of the Dungeon)

   Str+9:     It affects your strength (+9).
   rF++:      It greatly protects you from fire.
   rC-:       It makes you vulnerable to cold.
   Stlth-:    It makes you less stealthy.
Missiles
 n - 35 poisoned darts
 D - 38 boomerangs
 O - 3 throwing nets
Armour
 E - a +0 hat of stealth
 L - +3 steam dragon scales (worn)
 U - +0 acid dragon scales
Jewellery
 B - a ring of flight
 G - a ring of poison resistance (right hand)
 T - an amulet of regeneration (around neck)
 W - an amulet of faith
 X - a +5 ring of evasion (left hand)
Talismans
 c - a beast talisman (active)
Wands
 s - a wand of mindburst (10)
 A - a wand of warping (16)
 F - a wand of polymorph (10)
 J - a wand of flame (30)
 M - a wand of light (8)
 N - a wand of digging (8)
Scrolls
 h - 2 scrolls of identify
 i - 6 scrolls of fog
 j - 2 scrolls of blinking
 k - 8 scrolls of teleportation
 l - a scroll of silence
 o - 4 scrolls of brand weapon
 q - 4 scrolls of summoning
 r - a scroll of poison
 u - 3 scrolls of amnesia
 w - 2 scrolls of enchant weapon
 I - a scroll of torment
 S - a scroll of revelation
Potions
 b - 2 potions of lignification
 e - 11 potions of curing
 f - a potion of cancellation
 g - 2 potions of mutation
 m - 2 potions of attraction
 t - a potion of magic
 v - 2 potions of brilliance
 x - 8 potions of enlightenment
 H - 2 potions of haste
 Q - a potion of berserk rage
 R - a potion of might
 V - 2 potions of resistance
Miscellaneous
 C - a box of beasts
 P - a lightning rod (4/4)


   Skills:
 + Level 24.7 Fighting
 * Level 1.2 Maces & Flails
 - Level 4.0 Ranged Weapons
 - Level 4.0 Armour
 + Level 11.2 Dodging
 - Level 2.0 Stealth
 - Level 2.6 Unarmed Combat
 + Level 11.0 Invocations
 - Level 4.0 Evocations
 - Level 10.0 Shapeshifting


You had 15 spell levels left.
You didn't know any spells.
Your spell library contained the following spells:

 Spells                   Type           Power      Damage    Failure   Level
 Freeze                   Ice            0%         1d3       34%         1
 Magic Dart               Conj           0%         1d3       34%         1
 Sting                    Conj/Alch      0%         1d3       34%         1
 Ensorcelled Hibernation  Hex/Ice        0%         N/A       47%         2
 Mercury Vapours          Alch/Air       0%         N/A       47%         2
 Searing Ray              Conj           0%         2d4       47%         2
 Sublimation of Blood     Necr           0%         N/A       47%         2
 Call Canine Familiar     Summ           0%         N/A       71%         3
 Frozen Ramparts          Ice            0%         1d1       71%         3
 Fugue of the Fallen      Necr           0%         N/A       71%         3
 Hailstorm                Conj/Ice       0%         3d5       71%         3
 Passwall                 Erth           0%         N/A       71%         3
 Sigil of Binding         Hex            0%         N/A       71%         3
 Swiftness                Air            0%         N/A       71%         3
 Anguish                  Hex/Necr       0%         N/A       98%         4
 Dimensional Bullseye     Hex/Tloc       0%         N/A       98%         4
 Fulminant Prism          Conj/Alch      0%         3d5       98%         4
 Olgreb's Toxic Radiance  Alch           0%         N/A       98%         4
 Petrify                  Alch/Erth      0%         N/A       98%         4
 Irradiate                Conj/Alch      0%         3d11      100%        5
 Sculpt Simulacrum        Ice/Alch       0%         N/A       100%        6
 Death Channel            Necr           Unusable   N/A       N/A         6

Dungeon Overview and Level Annotations

Branches:
Dungeon (14/15)            Temple (1/1) D:4            Lair (5/5) D:9
 Shoals (0/4) Lair:3        Snake (2/4) Lair:3        Slime (0/5) Lair:5
    Orc (2/2) D:9             Elf (0/3) Orc:2        Vaults (0/5) D:13
 Bailey (visited)

Altars:
Ashenzari
Cheibriados
Dithmenos
Elyvilon
Fedhas
Gozag
Hepliaklqana
Kikubaaqudgha
Makhleb
Nemelex Xobeh
Okawaru
Qazlal
Ru
Sif Muna
Trog
Uskayaw
Vehumet
Wu Jian
Xom
Yredelemnul
Zin
The Shining One
Beogh

Shops:
D:6 :*=   Orc:2 ((:!   Snake:1 (


Innate Abilities, Weirdness & Mutations

You are a hulking beast.
Your limbs bulge with bestial killing power. (Slay +4)
You are too large for most types of armour.
You have a pair of small horns on your head.
You have tough skin. (AC +1)
You gain doubled healing and magic from potions.
Whenever you drink a healing potion, you attack all around you.


Message History

The anaconda constricts you.
You are too injured to fight recklessly!
Unknown command.
You are too injured to fight recklessly!
Unknown command.
You shoot a sling bullet. The sling bullet hits the black mamba!
You kill the black mamba!
The dead are slithering!
You feel extremely sick. The black mamba barely misses you.
The black mamba closely misses you. The anaconda bites you!
* * * LOW HITPOINT WARNING * * *
The anaconda constricts you.
* * * LOW HITPOINT WARNING * * *
The black mamba bites you but does no damage.
The black mamba barely misses you.
The anaconda bites you but does no damage.
The anaconda constricts you.
* * * LOW HITPOINT WARNING * * *
The black mamba bites you!
* * * LOW HITPOINT WARNING * * *
The black mamba bites you!
* * * LOW HITPOINT WARNING * * *
You shoot a sling bullet. The sling bullet hits the anaconda!
You drain the anaconda.
The anaconda is heavily wounded.
You feel extremely sick. The anaconda closely misses you.
The anaconda constricts you!
* * * LOW HITPOINT WARNING * * *
The black mamba bites you.
* * * LOW HITPOINT WARNING * * *
The black mamba barely misses you.
Your black mamba zombie bites the black mamba but does no damage.
The anaconda bites you.
* * * LOW HITPOINT WARNING * * *
The anaconda constricts you.
* * * LOW HITPOINT WARNING * * *
The black mamba barely misses you. The black mamba bites you!
You die...
Your body rises from the dead as a mindless zombie.

#......ß#'#ß......#
#.......#'#.......#
####...##.)..........#
......####..#........#
..#.....##...........#
..Z.#)#..#.#.#.......#
##..#.##......#####..#
.#..#.#....####Z.S#..#
.##......###...ShS#..#
..#.....##........####
..#######.....#####
............###
#....⌠..).######
##.......##ZZZ.#########
.#.⌠...⌠.#..##.##......##
##.......##.##Z#........##
#....⌠....####.Z.<.......#


You could see an anaconda (drained), 2 black mambas and a friendly black mamba
zombie.

Vanquished Creatures
  Josephine (Lair:3)
  4 hydras
  2 anacondas (Snake:1)
  A vault guard (D:13)
  4 catoblepae (Lair:5)
  A two-headed ogre (D:11)
  4 death yaks (Lair:5)
  4 naga sharpshooters (Snake:1)
  2 shock serpents (Snake:1)
  A deep elf knight (D:13)
  A skyshark (Lair:2)
  4 orc knights
  3 mana vipers (Snake:1)
  A naga ritualist (Snake:1)
  3 ugly things
  2 deep elf pyromancers (D:13)
  An oklob plant (Lair:5)
  6 orc sorcerers
  3 elephants (Lair:3)
  A manticore (Lair:5)
  2 cyclopes
  10 black mambas
  2 kobold blastminers (Orc:1)
  A gargoyle (D:11)
  A kobold demonologist (D:10)
  2 naga magi (Snake:1)
  Maggie (D:8)
  6 cane toads
  2 rime drakes
  2 komodo dragons
  Jeremiah (D:8)
  A tengu conjurer (D:13)
  3 trolls
  A polar bear (Lair:3)
  Prince Ribbit (D:8)
  4 blink frogs (Lair:2)
  A dream sheep (Lair:4)
  A slime creature (D:14)
  5 wyverns
  36 yaks
  4 wraiths (Lair:3)
  4 fire elementals (Orc:2)
  A basilisk (Lair:1)
  2 steam dragons
  A vampire mosquito (D:14)
  3 nagas
  An acid dragon (D:14)
  13 water moccasins
  A meliai simulacrum (D:14)
  2 hell hounds (Orc:2)
  17 orc warriors
  2 ice beasts (D:5)
  2 black bears (D:5)
  2 ogres (Orc:2)
  3 centaurs
  A kobold brigand (D:9)
  4 bullfrogs
  4 scorpions
  A gnoll sergeant (D:10)
  3 wights (D:10)
  3 killer bees (D:10)
  3 electric eels (D:9)
  2 howler monkeys (D:9)
  A crimson imp (D:7)
  6 hounds
  8 orc priests
  3 sleepcaps
  A hell rat (Lair:1)
  4 iguanas
  22 orc wizards
  A gnoll (Bailey)
  13 adders
  2 ufetubi (D:6)
  A dart slug (D:3)
  2 ribbon worms
  68 orcs
  3 endoplasms
  5 giant cockroaches
  12 goblins
  8 hobgoblins
  8 jackals
  A quokka (D:3)
  10 ball pythons
  3 bats
  5 frilled lizards
  23 kobolds
  3 rats
424 creatures vanquished.

Vanquished Creatures (collateral kills)
  Gastronok (D:12)
  A hydra (Lair:5)
  2 vault guards (D:13)
  2 centaur warriors
  2 anacondas (Snake:1)
  3 ogre magi
  A hell hog (D:14)
  A death yak (Lair:5)
  2 naga warriors (Snake:1)
  A naga sharpshooter (Snake:1)
  A shock serpent (Snake:1)
  3 skeletal warriors (D:14)
  2 mana vipers (Snake:1)
  A deep elf archer (D:13)
  2 naga ritualists (Snake:1)
  3 ugly things (D:14)
  An orc knight (Orc:2)
  A deep elf pyromancer (D:13)
  2 obsidian bats (Orc:2)
  4 orc sorcerers (Orc:2)
  2 cyclopes
  3 manticores
  2 salamanders (Snake:1)
  A guardian serpent (Snake:1)
  2 kobold blastminers (Orc:2)
  7 elephants
  2 naga magi (Snake:1)
  8 black mambas
  2 gargoyles (D:13)
  3 cane toads
  A kobold demonologist (D:10)
  2 rime drakes
  An unseen horror (D:11)
  5 komodo dragons
  A tengu conjurer (D:13)
  A yaktaur (D:13)
  4 trolls
  2 polar bears
  3 dream sheep (Lair:4)
  6 slime creatures
  2 wraiths
  2 basilisks
  A wyvern (Lair:1)
  24 yaks
  A warg (Orc:2)
  A vampire mosquito (D:14)
  3 nagas (Snake:1)
  An acid dragon (D:11)
  2 water moccasins
  A hell hound (Orc:2)
  8 orc warriors
  An ice beast (D:5)
  4 ogres
  3 kobold brigands
  2 bullfrogs
  3 killer bees (D:10)
  A troll zombie (D:13)
  2 electric eels
  7 orc priests
  An iguana (D:9)
  17 orc wizards
  3 hell rats (Lair:1)
  4 gnolls (D:10)
  A dart slug (D:4)
  29 orcs
  2 goblins (D:7)
220 creatures vanquished.

Vanquished Creatures (others)
  A spectral efreet (D:14)
  2 anaconda zombies (Snake:1)
  5 ugly thing zombies
  2 shock serpent zombies (Snake:1)
  2 mana viper zombies (Snake:1)
  A catoblepas zombie (Lair:5)
  5 death yak zombies (Lair:5)
  2 hydra zombies
  9 black mamba zombies (Snake:1)
  2 slime creature zombies (D:14)
  A skyshark zombie (Lair:2)
  2 cane toad zombies (Lair:5)
  A human zombie (Lair:3)
  An elephant zombie (Lair:3)
  2 blink frog zombies (Lair:2)
  3 rime drake zombies
  A salamander zombie (Snake:1)
  2 komodo dragon zombies
  3 hell hound zombies (Orc:2)
  2 cyclops zombies
  5 water moccasin zombies
  2 wyvern zombies
  15 yak zombies
  A polar bear zombie (Lair:3)
  A centaur zombie (D:9)
  3 bullfrog zombies
  7 naga zombies (Snake:1)
  2 ogre zombies (Orc:2)
  An ice beast zombie (D:5)
  An acid dragon zombie (D:11)
  A hound zombie (D:6)
  53 orc zombies
  2 adder zombies (D:5)
  6 kobold zombies
149 creatures vanquished.

Grand Total: 793 creatures vanquished

Notes
Turn   | Place    | Note
-------+----------+-------------------------------------------
     0 | D:1      | oldriver the Oni Shapeshifter began the quest for the Orb.
     0 | D:1      | Reached XP level 1. HP: 19/19 MP: 1/1
   107 | D:1      | Reached skill level 2 in Fighting
   179 | D:1      | Reached XP level 2. HP: 29/29 MP: 2/2
   388 | D:1      | Reached skill level 3 in Fighting
   432 | D:1      | Reached XP level 3. HP: 36/37 MP: 3/3
   908 | D:2      | Reached skill level 4 in Fighting
   908 | D:2      | Reached XP level 4. HP: 15/48 MP: 4/4
  1732 | D:3      | Reached skill level 5 in Fighting
  1819 | D:3      | Reached XP level 5. HP: 35/57 MP: 5/5
  2003 | D:3      | Reached skill level 6 in Fighting
  2130 | D:3      | Found a shimmering altar of Xom.
  2626 | D:4      | Found a staircase to the Ecumenical Temple.
  2713 | Temple   | Entered the Ecumenical Temple
  2740 | Temple   | Became a worshipper of Yredelemnul the Fallen
  2840 | D:4      | Reached XP level 6. HP: 67/67 MP: 6/6
  2974 | D:4      | Identified the +10 sling "Owushr Woto" {drain, rElec rC+}
  3211 | D:5      | Entered Level 5 of the Dungeon
  3219 | D:5      | Noticed a black bear
  3331 | D:5      | Reached skill level 7 in Fighting
  3442 | D:5      | Noticed an ice beast
  3453 | D:5      | Killed an ice beast
  3454 | D:5      | Reached XP level 7. HP: 78/78 MP: 7/7
  3530 | D:5      | Reached skill level 8 in Fighting
  3546 | D:5      | Reached skill level 5 in Shapeshifting
  3699 | D:5      | Reached skill level 9 in Fighting
  3953 | D:5      | Reached XP level 8. HP: 92/92 MP: 8/8
  4257 | D:6      | Reached skill level 10 in Fighting
  4272 | D:6      | Found Kuqithid's Assorted Antiques.
  4385 | D:6      | Bought a bone rapier for 243 gold pieces
  4385 | D:6      | Identified the +8 rapier of the Crawling Thing {pain, rF++
                  | rC- Str+9 Stlth-} (You bought it in a shop on level 6 of
                  | the Dungeon)
  4499 | D:6      | Found an ornate altar of the Wu Jian Council.
  4792 | D:6      | Found Caaruax's Book Shoppe.
  4825 | D:6      | Found Neashr Unau's Jewellery Boutique.
  4850 | D:7      | Reached skill level 1 in Ranged Weapons
  4940 | D:7      | Found a flagged portal.
  4952 | Bailey   | Entered a bailey
  4959 | Bailey   | Noticed an orc knight
  5012 | Bailey   | Noticed an orc knight
  5030 | Bailey   | Reached skill level 11 in Fighting
  5323 | Bailey   | Reached XP level 9. HP: 105/105 MP: 9/9
  5684 | Bailey   | Killed an orc knight
  5685 | Bailey   | Reached skill level 12 in Fighting
  5786 | Bailey   | Killed an orc knight
  5787 | Bailey   | Reached skill level 13 in Fighting
  6491 | D:7      | Found a glowing silver altar of Zin.
  6491 | D:7      | Found a broken altar of Ashenzari.
  6699 | D:7      | Reached XP level 10. HP: 120/120 MP: 10/10
  6870 | D:7      | Found a burning altar of Makhleb.
  6870 | D:7      | Found a radiant altar of Vehumet.
  7070 | D:8      | Noticed Maggie
  7079 | D:8      | Killed Maggie
  7080 | D:8      | Reached skill level 14 in Fighting
  7135 | D:8      | Noticed Prince Ribbit
  7139 | D:8      | Killed Prince Ribbit
  7140 | D:8      | Reached skill level 1 in Armour
  7140 | D:8      | Reached skill level 1 in Stealth
  7309 | D:8      | Noticed Jeremiah
  7312 | D:8      | Killed Jeremiah
  7506 | D:8      | Fell from the grace of Yredelemnul
  7908 | Temple   | Became a worshipper of Yredelemnul the Fallen
  8081 | D:9      | Reached skill level 15 in Fighting
  8332 | D:9      | Reached XP level 11. HP: 134/135 MP: 11/11
  8372 | D:9      | Reached skill level 16 in Fighting
  8373 | D:9      | Reached * piety under Yredelemnul
  8528 | D:9      | Found a staircase to the Orcish Mines.
  8529 | D:9      | Identified the +2 long sword of the Scroll {holy, ^Contam
                  | rElec Str-5 Dex+7}
  8952 | D:9      | Noticed a +0 dagger
  8952 | D:9      | Noticed a +0 hand axe
  8959 | D:9      | Found a hide-covered altar of Uskayaw.
  9036 | D:9      | Reached ** piety under Yredelemnul
  9051 | D:9      | Found a staircase to the Lair.
  9558 | D:9      | Found a sparkling altar of Nemelex Xobeh.
  9558 | D:9      | Found an opulent altar of Gozag.
  9673 | D:6      | Bought an amulet of regeneration for 390 gold pieces
  9748 | Lair:1   | Entered Level 1 of the Lair of Beasts
  9814 | Lair:1   | Reached skill level 17 in Fighting
 10775 | Lair:2   | Reached skill level 5 in Dodging
 10874 | Lair:2   | Noticed a skyshark
 10895 | Lair:2   | Killed a skyshark
 10896 | Lair:2   | Reached skill level 18 in Fighting
 11171 | Lair:2   | Reached XP level 12. HP: 150/150 MP: 12/12
 11179 | Lair:2   | Reached skill level 10 in Shapeshifting
 11268 | Lair:2   | Reached skill level 1 in Invocations
 11275 | Lair:2   | Reached *** piety under Yredelemnul
 11899 | Lair:2   | Identified a scroll of acquirement
 11899 | Lair:2   | Acquired a manual of Shields
 11920 | Lair:3   | Found a staircase to the Snake Pit.
 12143 | Lair:3   | Noticed a four-headed hydra
 12151 | Lair:3   | Killed a four-headed hydra
 12154 | Lair:3   | Reached skill level 19 in Fighting
 12280 | Lair:3   | Noticed Josephine
 12290 | Lair:3   | Killed Josephine
 12296 | Lair:3   | Your ally Josephine died
 12677 | Lair:3   | Found a staircase to the Shoals.
 12726 | Lair:3   | Reached skill level 20 in Fighting
 12978 | Lair:4   | Reached skill level 1 in Evocations
 13109 | Lair:4   | Reached XP level 13. HP: 165/165 MP: 16/16
 13711 | Lair:5   | Entered Level 5 of the Lair of Beasts
 14138 | Lair:5   | Reached **** piety under Yredelemnul
 14804 | Lair:5   | Found a staircase to the Slime Pits.
 14820 | Lair:5   | Reached skill level 21 in Fighting
 15762 | Lair:5   | Identified the +7 great sword "Jatilet" {antimagic, rElec
                  | Dex+2}
 15953 | D:10     | Entered Level 10 of the Dungeon
 15978 | D:10     | Reached skill level 22 in Fighting
 15993 | D:10     | Reached XP level 14. HP: 163/182 MP: 17/17
 16389 | D:10     | Reached ***** piety under Yredelemnul
 17111 | D:11     | Found a roughly hewn altar of Beogh.
 17516 | Orc:1    | Entered Level 1 of the Orcish Mines
 17652 | Orc:2    | Entered Level 2 of the Orcish Mines
 17670 | Orc:2    | Noticed Azrael
 17690 | Orc:2    | Reached skill level 5 in Invocations
 17693 | Orc:2    | Killed Azrael
 17693 | Orc:2    | Bound Azrael
 17870 | Orc:2    | Found a staircase to the Elven Halls.
 18195 | Orc:2    | Paralysed by an orc sorcerer for 2 turns
 18314 | Orc:2    | Reached skill level 23 in Fighting
 18320 | Orc:2    | Found Seziofi's Distillery.
 18350 | Orc:2    | Found an ancient bone altar of Kikubaaqudgha.
 18392 | Orc:2    | Found Vucaohea's Book Shoppe.
 18816 | Orc:2    | Found a radiant altar of Vehumet.
 19008 | Orc:2    | Found a roughly hewn altar of Beogh.
 19018 | Orc:2    | Found Qaab Cit's Antique Weapon Emporium.
 19023 | Orc:2    | Found Hiciyz's Antique Weapon Shoppe.
 19135 | Orc:1    | Reached ****** piety under Yredelemnul
 19161 | Orc:1    | Found a roughly hewn altar of Beogh.
 19598 | D:12     | Noticed Gastronok
 19607 | D:12     | Killed Gastronok
 20454 | D:13     | Reached XP level 15. HP: 171/195 MP: 20/20
 20682 | D:13     | Found a gate to the Vaults.
 20985 | D:14     | Reached skill level 10 in Dodging
 21113 | D:14     | Reached skill level 24 in Fighting
 21410 | D:14     | Your ally Azrael died
 21962 | Snake:1  | Entered Level 1 of the Snake Pit
 22534 | Snake:1  | Reached skill level 10 in Invocations
 23305 | Snake:1  | Found Plog's Weapon Shoppe.
 23409 | Snake:1  | Found a sparkling altar of Nemelex Xobeh.
 23640 | Snake:1  | Reached XP level 16. HP: 56/209 MP: 24/24
 23839 | Snake:1  | Upgraded the game from 0.32-a0-859-gb0a091d592 to
                  | 0.32-a0-871-ge202e49faa
 23839 | Snake:1  | Upgraded the game from 0.32-a0-871-ge202e49faa to
                  | 0.32-a0-872-g59262bdc9b
 24196 | Snake:1  | Reached skill level 1 in Maces & Flails
 24226 | Snake:1  | HP: 9/209 [anaconda (2)]
 24226 | Snake:1  | HP: 4/209 [constriction (5)]
 24226 | Snake:1  | Mangled by a black mamba

Illustrated notes

Levels and vault maps discovered:
D:1:      eino_arrival_water_star, layout_loops_ring
D:2:      layout_basic
D:3:      layout_basic, mainiacjoe_overflow_alcove_4, st_stairs_9,
          minmay_box_of_dots
D:4:      layout_basic, minmay_temple_entry_overgrown, item_on_display_a
D:5:      layout_gridville, grunt_decor_junction
D:6:      layout_cave_pools, nzn_wu_jian_contemplation, serial_shops,
          kennysheep_mini_moat, shop, nicolae_shop_tiny_waterfront
D:7:      layout_loops_ring, grunt_temple_overflow_lords_of_destruction,
          gammafunk_temple_overflow_pools, enter_bailey_5
D:8:      layout_basic, uniq_prince_ribbit1, uniq_jeremiah, uniq_maggie
D:9:      layout_roguey, grunt_temple_overflow_opulence,
          dancing_weapons_uskayaw, minmay_lair_entry_grove, hiddenorc2_lemuel,
          serial_bayou, serial_bayou_shore_b, serial_bayou_pond_a,
          serial_bayou_lagoon_a, serial_bayou_lake_a, serial_bayou_pond_c
D:10:     layout_loops_ring, minmay_checkerbox
D:11:     layout_roguey, special_room [special_room_orc],
          kennysheep_generic_room_13
D:12:     cheibrodos_breeding_chamber, layout_cave_pools,
          kennysheep_decorative_pillar, uniq_gastronok
D:13:     layout_roguey, grunt_vaults_entry_fortified, serial_corexii_hall,
          corexii_hall_statues_i, chequers_hall_statues_y
D:14:     hangedman_elemental_death_ray, layout_long_grid, glass_columns_c,
          zin_academy
Temple:   nicolae_temple_god_jail
Lair:1:   layout_gridlike
Lair:2:   layout_cave_pods
Lair:3:   layout_roguey, minmay_shoals_entry_centaurs,
          guppyfry_snake_entry_island, uniq_josephine
Lair:4:   layout_cave_shapes, nicolae_quartered_pool_super
Lair:5:   evilmike_catoblepas_cave, layout_hall_layers,
          minmay_slime_entry_oklob_enclosed
Snake:1:  layout_rooms, basic_altar, serial_shops, nicolae_shop_real_fake_doors,
          chequers_hall_statues_corner_a, nicolae_snake_slithery_corners,
          grunt_megastairs_4
Snake:2:  layout_grid_shapes, drop_trap, nicolae_snake_double_loop
Orc:1:    layout_caves, basic_altar
Orc:2:    kennysheep_orc_mage_school, layout_diamond_mine, uniq_azrael

Skill      XL: |  1  2  3  4  5  6  7  8  9 10 11 12 13 14 15 16 |
---------------+-------------------------------------------------+-----
Fighting       | 2 3 4 5 6 7 9 11 13 15 18 20 22 23 24 | 24.7
Shapeshifting  | 4 5 6 7 8 9 10 | 10.0
Ranged Weapons | 1 4 |  4.0
Dodging        | 2 4 5 7 8 9 11 | 11.2
Armour         | 2 4 |  4.0
Stealth        | 2 |  2.0
Invocations    | 4 7 10 11 | 11.0
Evocations     | 1 4 |  4.0
Maces & Flails | 1 |  1.2
Unarmed Combat | |  2.6

Action                     |  1- 3 |  4- 6 |  7- 9 | 10-12 | 13-15 | 16-18 || total
---------------------------+-------+-------+-------+-------+-------+-------++-------
  Melee: Unarmed           |    92 |   122 |       |       |       |       ||   214
         Headbutt          |    11 |    24 |       |       |     4 |     3 ||    42
         Punch             |     2 |     5 |       |       |       |       ||     7
         Dagger            |       |    25 |       |       |       |       ||    25
   Fire: Sling             |       |    19 |   212 |   463 |   772 |    24 ||  1490
 Invoke: Light the Black T |       |       |       |     5 |     9 |       ||    14
         Hurl Torchlight   |       |       |       |     1 |     1 |       ||     2
         Recall Undead Har |       |       |       |       |     6 |       ||     6
         Bind Soul         |       |       |       |       |     1 |       ||     1
  Evoke: Wand              |       |       |       |     3 |     8 |       ||    11
         Box of beasts     |       |       |       |     1 |       |       ||     1
         Lightning rod     |       |       |       |       |     4 |       ||     4
    Use: Scroll            |       |       |     2 |    22 |     8 |     3 ||    35
         Potion            |       |       |       |       |     8 |     3 ||    11
 Armour: Animal skin       |    63 |    96 |    40 |     1 |       |       ||   200
         Skin              |       |       |     1 |       |       |       ||     1
         Steam dragon scal |       |       |       |   254 |   593 |   100 ||   947
  Dodge: Dodged            |    48 |    61 |    40 |   163 |   252 |    59 ||   623
   Form: Beast             |       |       |       |     1 |       |       ||     1
         Maw               |       |       |       |     1 |       |       ||     1

Table legend: (Time is in decaauts)
 A = Elapsed time spent in this place.
 B = Non-inter-level travel time spent in this place.
 C = Inter-level travel time spent in this place.
 D = Time resting spent in this place.
 E = Time spent auto-exploring this place.
 F = Levels seen in this place.
 G = Mean time per level.
                   A        B        C        D        E       F      G
               +--------+--------+--------+--------+--------+-----+--------+
         Total |  24663 |  23022 |   1641 |   4353 |  12439 |  25 |  986.5 |
       Dungeon |  12523 |  11510 |   1013 |   1085 |   7661 |  14 |  894.5 |
        Temple |     77 |     20 |     57 |      0 |      0 |   1 |   77.0 |
          Lair |   6432 |   6113 |    319 |   1086 |   3156 |   5 | 1286.4 |
     Snake Pit |   2302 |   2169 |    133 |    991 |    576 |   2 | 1151.0 |
  Orcish Mines |   2021 |   1905 |    116 |    489 |    828 |   2 | 1010.5 |
        Bailey |   1306 |   1306 |      0 |    701 |    218 |   1 | 1306.0 |
               +--------+--------+--------+--------+--------+-----+--------+

Top non-repeatable levels by time:
 Snake:1: 2290 daAuts
  Lair:5: 2168 daAuts
     D:9: 1706 daAuts
   Orc:2: 1503 daAuts
  Lair:2: 1323 daAuts
  Bailey: 1306 daAuts
    D:13: 1202 daAuts
  Lair:1: 1107 daAuts
     D:2: 1036 daAuts
     D:7: 993 daAuts
  Lair:3: 978 daAuts
     D:5: 967 daAuts
     D:8: 910 daAuts
    D:10: 887 daAuts
  Lair:4: 854 daAuts
